 Dungeon Crawl Stone Soup version 0.27.1-1-g398f81649c (webtiles) character file.

Game seed: 11846823822280093394

13364 speeev33 the Blocker (level 12, -1/110 HPs)
             Began as a Hill Orc Fighter on Sept 13, 2021.
             Was a High Priest of Okawaru.
             Slain by a sixfirhy (11 damage)
             ... in a Gauntlet.
             The game lasted 00:24:09 (13618 turns).

speeev33 the Blocker (Hill Orc Fighter)            Turns: 13618, Time: 00:24:10

Health: -1/110     AC: 23    Str: 31    XL:     12   Next: 5%
Magic:  8/12       EV:  6    Int:  8    God:    Okawaru [*****.]
Gold:   140        SH: 22    Dex: 10    Spells: 11/11 levels left

rFire    . . .     SeeInvis .   s - +0 war axe (drain)
rCold    . . .     Faith    .   i - +1 tower shield
rNeg     + . .     Spirit   .   F - +0 plate armour {rPois}
rPois    +         Reflect  .   b - +0 helmet
rElec    .         Harm     .   p - +0 cloak
rCorr    .         Rampage  +   C - +2 pair of gloves {Str+3}
Will     +....     NoTele   +   D - +1 pair of boots {rampage}
Stlth    ..........             (no amulet)
HPRegen  0.28/turn              h - ring of willpower
MPRegen  0.13/turn              c - ring of the Clam {Wiz +Blink rN+ Str+4}

@: hasted, studying Shields, very quick
A: no striking features
a: Renounce Religion, Evoke Blink, Heroism, Finesse


You were in a Gauntlet.
You worshipped Okawaru.
Okawaru was extremely pleased with you.
You visited 3 branches of the dungeon, and saw 13 of its levels.
You also visited: Sewer and Gauntlet.

You collected 868 gold pieces.
You spent 728 gold pieces at shops.

Inventory:

Hand Weapons
 m - a +0 morningstar
 s - a +0 war axe of draining (weapon)
Armour
 b - a +0 helmet (worn)
 i - a +1 tower shield (worn)
 p - a +0 cloak (worn)
 C - a +2 pair of gloves of strength (worn)
 D - a +1 pair of boots of rampaging (worn)
 F - a +0 plate armour of poison resistance (worn)
Jewellery
 c - the ring of the Clam (right hand) {Wiz +Blink rN+ Str+4}
   (You found it in a Gauntlet)

   [ring of wizardry]

   It improves your spell success rate.
   Str:       It affects your strength (+4).
   rN:        It protects you from negative energy.
   +Blink:    It lets you blink.
 h - a ring of willpower (left hand)
 k - a ring of protection from cold
 u - a +6 ring of strength
 y - a ring of fire
Wands
 a - a wand of iceblast (9)
 d - a wand of digging (4)
 n - a wand of polymorph (9)
 w - a wand of charming (10)
 A - a wand of flame (29)
 G - a wand of paralysis (5)
Scrolls
 g - 2 scrolls of enchant weapon
 r - 2 scrolls of fog
 t - 3 scrolls of magic mapping
 x - 4 scrolls of teleportation
 B - 2 scrolls of amnesia
Potions
 l - a potion of brilliance
 o - 3 potions of mutation
 q - a potion of magic
 v - 2 potions of cancellation
 H - a potion of invisibility


   Skills:
 + Level 11.0 Fighting
 + Level 11.6 Axes
 + Level 10.2 Armour
 * Level 13.9 Shields


You had 11 spell levels left.
You didn't know any spells.
Your spell library contained the following spells:

 Spells                   Type           Power      Damage    Failure   Level
 Animate Skeleton         Necr           0%         N/A       99%         1
 Pain                     Necr           0%         1d4       99%         1
 Sting                    Tmut/Pois      0%         1d3       99%         1
 Summon Small Mammal      Summ           0%         N/A       99%         1
 Poisonous Vapours        Pois/Air       0%         N/A       99%         2
 Call Canine Familiar     Summ           0%         N/A       100%        3
 Summon Guardian Golem    Hex/Summ       0%         N/A       100%        3
 Vampiric Draining        Necr           0%         2d6       100%        3
 Olgreb's Toxic Radiance  Pois           0%         N/A       100%        4
 Ozocubu's Refrigeration  Ice            0%         4d5       100%        7
 Ignition                 Fire           0%         3d3       100%        8


Dungeon Overview and Level Annotations

Branches:
Dungeon (10/15)            Temple (1/1) D:4            Lair (2/6) D:9
  Swamp (0/4) Lair:2       Spider (0/4) Lair:2        Sewer (visited)
Gauntlet (1/1)
    Orc: D:9-12

Altars:
Ashenzari
Cheibriados
Dithmenos
Elyvilon
Fedhas
Gozag
Hepliaklqana
Kikubaaqudgha
Makhleb
Nemelex Xobeh
Okawaru
Qazlal
Ru
Sif Muna
Trog
Uskayaw
Vehumet
Wu Jian
Xom
Yredelemnul
Zin
The Shining One

Shops:
D:1 (   D:4 ?

Annotations:
D:7 2 transporters
D:9 3 runed translucent doors, WaxSun's ghost, journeyman OgFE Gauntlet 5 transporters


Message History

You see here a potion of invisibility.
You hit the sixfirhy.
The sixfirhy is moderately wounded.
The sixfirhy hits you but does no damage.
You block the sixfirhy's attack. The sixfirhy barely misses you.
You block the sixfirhy's attack.
You miss the sixfirhy.
The sixfirhy is moderately wounded.
You barely miss the sixfirhy.
The sixfirhy is lightly wounded.
You closely miss the sixfirhy.
The sixfirhy is lightly wounded.
The sixfirhy completely misses you. You block the sixfirhy's attack. x3
The sixfirhy barely misses you.
You hit the sixfirhy.
The sixfirhy is lightly wounded.
You block the sixfirhy's attack. The sixfirhy hits you!
* * * LOW HITPOINT WARNING * * *
The sixfirhy shocks you!
* * * LOW HITPOINT WARNING * * *
The sixfirhy hits you but does no damage.
You feel better.
You feel yourself speed up. You block the sixfirhy's attack. x3
The sixfirhy hits you but does no damage.
You block the sixfirhy's attack. x2
There is a transporter landing site here.
You block the sixfirhy's attack. You block the sixfirhy's attack. x2
The sixfirhy hits you but does no damage.
You block the sixfirhy's attack.
There is a transporter here.
You enter the transporter and appear at another place.
You block the sixfirhy's attack.
There is a transporter here.
You enter the transporter and appear at another place.
You block the sixfirhy's attack. The sixfirhy hits you.
* * * LOW HITPOINT WARNING * * *
The sixfirhy shocks you!
You die...

#..8.#...©#.8.#...#
≈....#©..8#.⌠.#.8.#
≈.#########.8.#.©.#
≈.#.......#...#.8.#
#.#..#....#...#.©.# #
≈.#.###...#.8.#.8.##.#
≈.#..#©#..#.∩.#.©....
≈.#...###.#.8.#.8.###
#.#....#..#...#.@3#
≈.#...©.(.#...#.8.#
≈.#########.8.#.©.#
≈....#©..8#.⌠.#.8.#
#..8.#...©#.8.#...#
≈....#©..8#...#...#
≈.#########...#≈≈≈#
≈.#..#.#..#..###≈##
#.#.#.#.#.#.## ##


You could see a sixfirhy.

Vanquished Creatures
  A two-headed ogre (D:9)
  A catoblepas (D:9)
  A centaur warrior (D:8)
  2 sixfirhies (Gauntlet)
  Maurice (D:8)
  Psyche (D:8)
  3 cane toads (Lair:1)
  Maggie (D:7)
  A komodo dragon (Lair:1)
  3 hornets (Gauntlet)
  Grinder (D:4)
  6 dream sheep (Lair:1)
  3 flying skulls (Gauntlet)
  A shadow (D:9)
  3 centaur simulacra (Gauntlet)
  2 basilisks
  A wraith (D:9)
  A yak (D:8)
  A steam dragon (D:7)
  Edmund (D:4)
  An acid dragon (D:8)
  Duvessa (D:7)
  5 orc warriors
  3 sky beasts
  5 water moccasins
  3 ice beasts
  2 black bears (D:7)
  2 centaurs
  An ogre (D:6)
  5 wolves (Lair:2)
  A kobold brigand (D:9)
  6 bullfrogs
  A wyvern zombie (D:8)
  2 scorpions
  Dowan (D:7)
  A cane toad simulacrum (Gauntlet)
  A killer bee (D:8)
  A water moccasin skeleton (D:6)
  A wight (D:9)
  3 howler monkeys
  2 bullfrog zombies
  A centaur zombie (D:8)
  A hound (D:6)
  A gnoll shaman (D:9)
  2 bullfrog skeletons
  4 orc priests
  Crazy Yiuf (D:6)
  A centaur skeleton (D:5)
  A scorpion zombie (D:5)
  An iguana (D:6)
  9 orc wizards
  2 killer bee zombies (D:8)
  2 hound skeletons
  7 gnolls
  2 howler monkey skeletons
  A howler monkey zombie (D:9)
  8 adders
  2 white imps
  An ufetubus (D:7)
  3 worms
  23 orcs
  A bat zombie (D:4)
  4 endoplasms
  3 giant cockroaches
  7 hobgoblins
  7 jackals (D:1)
  7 quokkas
  5 ball pythons
  17 bats
  5 frilled lizards
  3 goblins
  11 kobolds
  3 rats (D:1)
  A rat zombie (D:4)
230 creatures vanquished.

Vanquished Creatures (others)
  An orc (D:9)
  4 demonic plants (Gauntlet)
  4 fungi
  3 plants
12 creatures vanquished.

Grand Total: 242 creatures vanquished

Notes
Turn   | Place    | Note
-------+----------+-------------------------------------------
     0 | D:1      | speeev33 the Hill Orc Fighter began the quest for the Orb.
     0 | D:1      | Reached XP level 1. HP: 19/19 MP: 1/1
   374 | D:1      | Reached XP level 2. HP: 19/27 MP: 2/2
   613 | D:1      | Found a faded altar of an unknown god.
   706 | D:1      | Reached XP level 3. HP: 29/33 MP: 3/3
   757 | D:1      | Found Kiragieps's Weapon Boutique.
  2094 | D:3      | Found a basalt altar of Yredelemnul.
  2151 | D:3      | Reached XP level 4. HP: 21/40 MP: 4/4
  2547 | D:3      | Reached skill level 4 in Shields
  2863 | D:4      | Found Pausk's Magic Scroll Shop.
  3092 | D:4      | Reached XP level 5. HP: 44/47 MP: 5/5
  3572 | D:4      | Noticed Edmund
  3588 | D:4      | Killed Edmund
  3589 | D:4      | Reached skill level 5 in Fighting
  3589 | D:4      | Reached XP level 6. HP: 36/56 MP: 6/6
  3836 | D:4      | Found a staircase to the Ecumenical Temple.
  3844 | Temple   | Entered the Ecumenical Temple
  4148 | D:4      | Found a glowing silver altar of Zin.
  4197 | D:4      | Found an ancient bone altar of Kikubaaqudgha.
  4236 | D:4      | Noticed Grinder
  4245 | D:4      | Paralysed by Grinder for 7 turns
  4257 | D:4      | Killed Grinder
  4258 | D:4      | Reached skill level 5 in Axes
  4258 | D:4      | Reached skill level 5 in Armour
  4258 | D:4      | Reached skill level 5 in Shields
  4258 | D:4      | Reached XP level 7. HP: 48/61 MP: 7/7
  4435 | D:4      | Found an opulent altar of Gozag.
  4458 | D:5      | Entered Level 5 of the Dungeon
  4864 | D:5      | Found a glowing drain.
  4891 | Sewer    | Entered a sewer
  5363 | D:5      | Reached XP level 8. HP: 70/70 MP: 8/8
  6569 | D:6      | Reached skill level 6 in Shields
  7252 | D:6      | Noticed Sigmund
  7253 | D:6      | Noticed Sigmund
  7253 | D:6      | Sigmund changed into Sigmund the iguana
  7268 | D:6      | Killed Sigmund the iguana
  7269 | D:6      | Reached skill level 7 in Shields
  7387 | D:6      | Found a sacrificial altar of Ru.
  7640 | D:6      | Found a radiant altar of Vehumet.
  7651 | D:6      | Found an iron altar of Okawaru.
  7784 | D:6      | Became a worshipper of Warmaster Okawaru
  7922 | D:6      | Found a runed translucent door.
  7923 | D:6      | Noticed Crazy Yiuf
  7932 | D:6      | Killed Crazy Yiuf
  7978 | D:7      | Reached XP level 9. HP: 78/79 MP: 9/9
  8026 | D:7      | Reached skill level 8 in Shields
  8331 | D:7      | Noticed Duvessa
  8352 | D:7      | Killed Duvessa
  8352 | D:7      | Reached * piety under Okawaru
  8353 | D:7      | Noticed Dowan
  8367 | D:7      | Killed Dowan
  8492 | D:7      | Found a transporter.
  8518 | D:7      | Noticed Maggie
  8540 | D:7      | Killed Maggie
  8725 | D:7      | Found a transporter.
  8913 | D:8      | Found a glowing golden altar of the Shining One.
  8999 | D:8      | Reached skill level 9 in Shields
  9069 | D:8      | Noticed Maurice
  9153 | D:8      | Killed Maurice
  9154 | D:8      | Reached XP level 10. HP: 60/90 MP: 10/10
  9534 | D:8      | Reached ** piety under Okawaru
  9614 | D:8      | Noticed Psyche
  9617 | D:8      | Noticed a centaur warrior
  9621 | D:8      | Killed Psyche
  9627 | D:8      | Killed a centaur warrior
  9628 | D:8      | Reached skill level 10 in Shields
 10422 | D:9      | Noticed a catoblepas
 10444 | D:9      | Killed a catoblepas
 10444 | D:9      | Reached *** piety under Okawaru
 10445 | D:9      | Reached skill level 10 in Axes
 10625 | D:9      | Reached skill level 11 in Shields
 10625 | D:9      | Reached XP level 11. HP: 80/99 MP: 11/11
 10721 | D:9      | Noticed a two-headed ogre
 10729 | D:9      | Killed a two-headed ogre
 10729 | D:9      | Reached **** piety under Okawaru
 10774 | D:9      | Found a staircase to the Lair.
 11013 | D:9      | Reached skill level 10 in Fighting
 11154 | D:9      | Found a runed translucent gate.
 11154 | D:9      | Found a runed translucent gate.
 11154 | D:9      | Found a runed translucent gate.
 11156 | D:9      | Noticed an 11-headed hydra
 11156 | D:9      | Noticed WaxSun's ghost (journeyman OgFE)
 11513 | D:10     | Entered Level 10 of the Dungeon
 11516 | D:10     | Found a sacrificial altar of Ru.
 11671 | D:4      | Bought a scroll of acquirement for 728 gold pieces
 11671 | D:4      | Acquired a manual of Shields
 11802 | Lair:1   | Entered Level 1 of the Lair of Beasts
 11997 | Lair:1   | Reached skill level 12 in Shields
 12117 | Lair:1   | Received a gift from Okawaru
 12855 | Lair:2   | Reached ***** piety under Okawaru
 12855 | Lair:2   | Received a gift from Okawaru
 12876 | Lair:2   | Found a gate leading to a gauntlet.
 12884 | Lair:2   | Noticed a six-headed hydra
 12892 | Gauntlet | Entered a Gauntlet
 12892 | Gauntlet | Found a transporter.
 13025 | Gauntlet | Found a transporter.
 13028 | Gauntlet | Found a transporter.
 13029 | Gauntlet | Found a transporter.
 13033 | Gauntlet | Found a runed translucent door.
 13035 | Gauntlet | Found a runed translucent door.
 13037 | Gauntlet | Found a transporter.
 13040 | Gauntlet | Found a transporter.
 13041 | Gauntlet | Found a transporter.
 13052 | Gauntlet | Found a transporter.
 13052 | Gauntlet | Found a transporter.
 13053 | Gauntlet | Found a transporter.
 13055 | Gauntlet | Noticed a sixfirhy
 13056 | Gauntlet | Noticed a sixfirhy
 13058 | Gauntlet | Noticed a sixfirhy
 13060 | Gauntlet | Noticed a sixfirhy
 13061 | Gauntlet | Found a transporter.
 13064 | Gauntlet | Found a transporter.
 13065 | Gauntlet | Found a transporter.
 13069 | Gauntlet | Noticed a red ugly thing
 13069 | Gauntlet | Noticed a brown ugly thing
 13069 | Gauntlet | Noticed a glowing orange brain
 13072 | Gauntlet | Noticed a glowing orange brain
 13073 | Gauntlet | Found a transporter.
 13264 | Gauntlet | Paralysed by a hornet for 2 turns
 13268 | Gauntlet | Reached skill level 13 in Shields
 13450 | Gauntlet | Reached skill level 10 in Armour
 13461 | Gauntlet | Identified the ring of the Clam {Wiz +Blink rN+ Str+4}
 13583 | Gauntlet | Killed a sixfirhy
 13586 | Gauntlet | Killed a sixfirhy
 13587 | Gauntlet | Reached XP level 12. HP: 33/110 MP: 5/12
 13597 | Gauntlet | Identified the ring "Paode" {rF+ Dex+6}
 13603 | Gauntlet | HP: 3/110 [sixfirhy (12)]
 13618 | Gauntlet | Slain by a sixfirhy

Illustrated notes

Levels and vault maps discovered:
D:1:      scummos_arrival_star, layout_basic,
          hellmonk_ecumenical_altar_inner_sanctum, serial_shops, shop,
          nrook_loot_triangle, chequers_serial_rivers_marsh
D:2:      layout_loops_cross
D:3:      layout_basic, general_overflow_altar, glass_columns_b
D:4:      layout_cave_pools, pdpol_temple_overflow_zin_treasury_gozag_greed,
          lemuel_zombie_altar_kikubaaqudgha, minmay_temple_entry_hall,
          serial_shops, nicolae_stop_n_shop_1, uniq_grinder, uniq_edmund
D:5:      layout_basic, portal_sewer_entry_f
D:6:      layout_basic, mainiacjoe_overflow_big_doors, kennysheep_flooded_box,
          uniq_sigmund, uniq_crazy_yiuf_cottage
D:7:      gammafunk_cloud_chamber, layout_basic, uniq_duvessa, uniq_maggie
D:8:      minmay_the_grid_plus_closed [minmay_the_grid_tree,
          minmay_the_grid_dragon_a, minmay_the_grid_outer_diamond,
          minmay_the_grid_minigrid_medium, minmay_the_grid_prize_diamond_cup],
          layout_cave_pools, mainiacjoe_overflow_tiny_flanked, minmay_bent,
          uniq_psyche, uniq_maurice
D:9:      minmay_distorted_concentric_squares, layout_irregular_city,
          lair_entry_dummy, gammafunk_ghost_hydra_chop
D:10:     layout_loops_ring, nicolae_ru_awakened_eye, minmay_orc_keep
Temple:   eino_temple_water
Lair:1:   layout_gridlike, chequers_serial_rivers_micro_c, beast_lair_carwin_11,
          grunt_megastairs_5
Lair:2:   layout_loops_ring, palyth_hydra_swamp_entry,
          nicolae_spider_entry_non_spiders, gauntlet_entry_generic,
          uniq_nergalle
Gauntlet: gammafunk_gauntlet_77_escape_option [minmay_gauntlet_arena_77_mess,
          minmay_gauntlet_arena_77_cramped,
          minmay_gauntlet_arena_77_double_cross,
          minmay_gauntlet_arena_77_braids, minmay_gauntlet_arena_77_museum,
          gauntlet_exit_spiral]

Skill      XL: |  1  2  3  4  5  6  7  8  9 10 11 |
---------------+----------------------------------+-----
Axes           | 3 4 5 6 7 9 10 11 | 11.6
Fighting       | 4 5 6 7 8 9 11 | 11.0
Armour         | 4 5 6 8 9 10 | 10.2
Shields        | 4 5 7 9 11 13 | 13.9

Action                   |  1- 3 |  4- 6 |  7- 9 | 10-12 || total
-------------------------+-------+-------+-------+-------++-------
Melee: War axe           |   136 |   121 |   392 |   382 ||  1031
Invok: Heroism           |       |       |       |     3 ||     3
       Finesse           |       |       |       |     1 ||     1
Evoke: Wand              |       |       |     6 |     4 ||    10
  Use: Scroll            |     3 |     3 |     8 |     7 ||    21
       Potion            |       |     2 |     1 |     9 ||    12
Armor: Scale mail        |    85 |    14 |       |       ||    99
       Plate armour      |       |    69 |   252 |   177 ||   498
       Skin              |       |       |       |    46 ||    46
Dodge: Dodged            |    59 |    21 |    64 |    77 ||   221
Block: Kite shield       |    91 |    67 |   225 |   113 ||   496
       Tower shield      |       |       |       |   323 ||   323
